 Dungeon Crawl Stone Soup version 0.18-a0-1-gfac8111 (webtiles) character file.

115 Raultor the Conjurer (level 5, 0/31 HPs)
             Began as an Octopode Conjurer on Oct 30, 2015.
             Slain by an orc
             ... wielding a +0 whip
              (5 damage)
             ... on level 3 of the Dungeon.
             The game lasted 00:09:02 (2082 turns).

Raultor the Conjurer (Octopode Conjurer)            Turns: 2082, Time: 00:09:02

Health: 0/31       AC:  1    Str:  7    XL:     5   Next: 0%
Magic:  1/8        EV: 12    Int: 19    God:
Gold:   144        SH:  0    Dex: 12    Spells: 2 memorised, 4 levels left

rFire  . . .     SeeInvis .     g - +0 short sword
rCold  + . .     Clarity  .     (no shield)
rNeg   . . .     SustAt   .     (helmet restricted)
rPois  .         Gourm    .     (no amulet)
rElec  .         Spirit   .     j - ring of protection from cold
rCorr  .         Warding  .     (no ring)
rMut   .         Stasis   .     (no ring)
MR     .....                    (no ring)
Stlth  +++.......               (no ring)
                                (no ring)
                                (no ring)
                                (no ring)

@: not resistant to hostile enchantments, fairly stealthy
A: almost no armour, amphibious, 8 rings, constrict 8, camouflage 1, gelatinous
body 1
a: no special abilities


You were on level 3 of the Dungeon.
You were hungry.

You visited 1 branch of the dungeon, and saw 3 of its levels.

You collected 144 gold pieces.

Inventory:

Hand Weapons
 g - a +0 short sword (weapon)
 m - a +0 dagger
Missiles
 e - 24 poisoned needles
Jewellery
 j - a ring of protection from cold (left tentacle)
 r - an uncursed ring of ice {unknown}
 x - a +2 ring of evasion {unknown}
Scrolls
 f - a scroll of fog {unknown}
 l - 2 scrolls of fear {unknown}
 n - 2 scrolls of enchant weapon {unknown}
 p - 2 scrolls of immolation {unknown}
 q - a scroll of remove curse {unknown}
 s - a scroll of magic mapping {unknown}
 v - a scroll of identify {unknown}
Potions
 c - a potion of haste {unknown}
 d - a potion of curing {unknown}
 i - 4 potions of might {unknown}
 k - a potion of lignification {unknown}
 t - a potion of poison {unknown}
 w - a potion of magic {unknown}
Books
 a - a book of Conjurations

   Spells                             Type                      Level
   a - Magic Dart                     Conjuration                  1
   b - Searing Ray                    Conjuration                  2
   c - Dazzling Spray                 Conjuration/Hexes            3
   d - Fulminant Prism                Conjuration/Hexes            4
   e - Iskenderun's Mystic Blast      Conjuration                  4
   f - Iskenderun's Battlesphere      Conjuration/Charms           5
Comestibles
 b - 3 bread rations
 h - 2 meat rations
 o - 2 slices of pizza
 u - 3 fruits
 z - a chunk of flesh


   Skills:
 - Level 2.0 Dodging
 - Level 2.6 Stealth
 - Level 2.0 Spellcasting
 * Level 6.1 Conjurations


You had 4 spell levels left.
You knew the following spells:

 Your Spells              Type           Power        Failure   Level  Hunger
a - Magic Dart            Conj           ####         1%          1    #......
b - Dazzling Spray        Conj/Hex       ##......     14%         3    ###....


Dungeon Overview and Level Annotations

Branches:
Dungeon (3/15)

Altars:
Trog


Innate Abilities, Weirdness & Mutations

You cannot wear most types of armour.
You are amphibious.
You can wear up to eight rings at the same time.
You can use your tentacles to constrict eight enemies at once.
Your skin changes colour to match your surroundings (Stealth).
Your rubbery body absorbs attacks (AC +1).


Message History

Aim: an orc, wielding a whip and wearing a chain mail (severely wounded)
The magic dart hits the orc.
The orc is severely wounded.
The orc closely misses you.
Casting: Magic Dart
Confirm with . or Enter, or press ? or * to list all spells.
Aiming: Magic Dart
Press: ? - help, Shift-Dir - straight line, f/p - orc
Aim: an orc, wielding a whip and wearing a chain mail (severely wounded)
The magic dart hits the orc.
The orc is severely wounded.
The orc wizard points at you and mumbles some strange words.
The magic dart hits you!
* * * LOW HITPOINT WARNING * * *
The orc closely misses you.
You completely miss the orc. Your grab misses the orc.
Your squeeze misses the orc.
The orc is severely wounded.
The orc hits you with a whip.
You die...

#.......#....####### ..
..######...#....)...# #.#
###....#####.# #
#[.###########.#.#####.##
.##..#..................)..
....#.#######.###.........
#..#.# #.# ####.####.
#.#.#######.# #.# #.
#....)o@o[..# ##.## #.
#...).##.########.รท.###.
#..###.##.............##.
...#. #..##########....##.
#.###. ##..# ##.#.##. # #.
...# #<#.##. #.
##.###########.#.# ##.
#..)..........#.#
....###.#############.#


You could see an orc wizard and an orc.

Vanquished Creatures
  An orc priest (D:3)
  3 adders (D:2)
  5 giant geckos
  2 orcs (D:3)
  2 giant cockroaches
  5 hobgoblins (D:1)
  2 jackals (D:2)
  8 kobolds
  2 ball pythons
  9 bats
  4 giant newts
  8 goblins
  8 rats
59 creatures vanquished.

Notes
Turn   | Place    | Note
--------------------------------------------------------------
     0 | D:1      | Raultor the Octopode Conjurer began the quest for the Orb.
     0 | D:1      | Reached XP level 1. HP: 11/11 MP: 3/3
    77 | D:1      | Reached XP level 2. HP: 13/17 MP: 0/5
   549 | D:1      | Reached XP level 3. HP: 21/21 MP: 0/6
   554 | D:1      | Learned a level 3 spell: Dazzling Spray
   661 | D:1      | Reached skill level 5 in Conjurations
  1340 | D:2      | Reached XP level 4. HP: 27/27 MP: 0/7
  1614 | D:2      | Found a bloodstained altar of Trog.
  2048 | D:3      | Reached skill level 6 in Conjurations
  2057 | D:3      | Reached XP level 5. HP: 31/31 MP: 2/8
  2082 | D:3      | Slain by an orc

Vault maps used:
D:1:      dpeg_arrival_leaves_temple_mockup, st_stairs_4
D:2:      first_bread, bloody_trog
D:3:      kennysheep_goblin_castle, uniq_jessica

Action                   |  1- 3 |  4- 6 || total
-------------------------+-------+-------++-------
Melee: Unarmed           |    10 |       ||    10
       Short sword       |    47 |    15 ||    62
 Cast: Magic Dart        |    31 |    38 ||    69
 Stab: Sleeping          |     2 |       ||     2
  Eat: Chunk             |     1 |     3 ||     4
